 Dungeon Crawl Stone Soup version 0.23.1 (webtiles) character file.

Game seed: 3171669821228190862

315 Revguard the Shield-Bearer (level 6, 0/38 HPs)
             Began as a Gargoyle Fighter on Mar 12, 2019.
             Killed from afar by Dowan (8 damage)
             ... with a puff of flame
             ... on level 4 of the Dungeon.
             The game lasted 00:08:35 (1958 turns).

Revguard the Shield-Bearer (Gargoyle Fighter)       Turns: 1958, Time: 00:08:36

Health: 0/38       AC: 12    Str: 28    XL:     6   Next: 44%
Magic:  5/5        EV: 16    Int:  8    God:
Gold:   172        SH: 12    Dex: 15    Spells: 5/5 levels left

rFire    . . .     SeeInvis +   l - +1 flail (holy)
rCold    . . .     Gourm    .   c - +1 shield
rNeg     + . .     Faith    .   b - +0 scale mail
rPois    ∞         Spirit   .   (no helmet)
rElec    +         Reflect  .   o - +0 cloak
rCorr    .         Harm     .   (no gloves)
MR       .....                  (no boots)
Stlth    +.........             (no amulet)
HPRegen  0.12/turn              e - ring of see invisible
MPRegen  0.09/turn              (no ring)

@: mighty, agile, glowing
A: repulsion field 1, low mp 1, negative energy resistance 1, electricity
resistance, strong 1, unbreathing, petrification resistance, rot immunity, AC +4
a: no special abilities


You were on level 4 of the Dungeon.
You were very hungry.

You visited 1 branch of the dungeon, and saw 4 of its levels.

You collected 172 gold pieces.

Inventory:

Hand Weapons
 a - a +0 flail
 l - a +1 flail of holy wrath (weapon)
Armour
 b - a +0 scale mail (worn)
 c - a +1 shield (worn)
 o - a +0 cloak (worn)
Jewellery
 e - a ring of see invisible (left hand)
Wands
 n - a wand of polymorph (6)
 p - a wand of flame (9)
Scrolls
 h - 2 scrolls of teleportation
 i - a scroll of magic mapping
 j - 2 scrolls of fog {unknown}
 k - a scroll of remove curse
 m - a scroll of identify
Potions
 g - 2 potions of agility
Comestibles
 f - 6 rations


   Skills:
 + Level 4.1 Fighting
 + Level 4.1 Maces & Flails
 + Level 4.0 Armour
 + Level 1.4 Dodging
 + Level 4.9 Shields


You had 5 spell levels left.
You didn't know any spells.
Your spell library was empty.

Dungeon Overview and Level Annotations

Branches:
Dungeon (4/15)
 Temple: D:4-7

Altars:
Vehumet

Annotations:
D:4 Dowan, Duvessa


Innate Abilities, Weirdness & Mutations

You are resistant to torment.
Your stone body is resilient. (AC +4)
You are immune to poison.
You resist negative energy. (rN+)
You are resistant to electric shocks. (rElec)
You can survive without breathing.
You are immune to petrification.
You are immune to rotting.
You are surrounded by a mild repulsion field. (EV +2)
Your magical capacity is low. (-10% MP)
Your muscles are strong. (Str +2)


Message History

Duvessa is heavily wounded.
Dowan drinks a potion.
Dowan seems to grow stronger.
Duvessa hits you with a +0 rapier!
You hit Duvessa.
Duvessa is severely wounded.
You block Duvessa's attack. You block Dowan's attack.
You sock Duvessa!
Duvessa is severely wounded.
You block Duvessa's attack. Dowan casts a spell at you.
The puff of frost hits you.
* * * LOW HITPOINT WARNING * * *
You feel agile all of a sudden. You block Duvessa's attack.
Dowan closely misses you.
You feel very mighty all of a sudden.
A leopard gecko comes into view.
Duvessa closely misses you. Dowan gestures at you while chanting.
The puff of flame hits you!
You die...

#... ... #<.##
####...# #......# ..
#......### ## ...
...##.....##.###>..
......e@.............
.......e...##.l#.....
.......#....#........
.......###....##...#.
##..... #........#..
##.### ###.........
## #<........
##†......# #.####.##


You could see Duvessa, Dowan and a leopard gecko (wandering).

Vanquished Creatures
  4 orc priests (D:3)
  Crazy Yiuf (D:3)
  Ijyb (D:3)
  A howler monkey skeleton (D:3)
  6 adders
  A worm (D:2)
  2 dart slugs
  10 orcs (D:3)
  4 giant cockroaches
  6 goblins
  3 hobgoblins (D:1)
  4 jackals (D:3)
  6 kobolds
  A ball python (D:2)
  12 bats
  3 frilled lizards
  8 rats
73 creatures vanquished.

Notes
Turn   | Place    | Note
-------+----------+-------------------------------------------
     0 | D:1      | Revguard the Gargoyle Fighter began the quest for the Orb.
     0 | D:1      | Reached XP level 1. HP: 14/14 MP: 1/1
   143 | D:1      | Reached XP level 2. HP: 19/19 MP: 2/2
   359 | D:1      | Reached XP level 3. HP: 20/23 MP: 3/3
   581 | D:2      | Reached XP level 4. HP: 25/29 MP: 4/4
   658 | D:2      | Gained mutation: Your magical capacity is low. (-10% MP)
                  | [potion of mutation]
   658 | D:2      | Gained mutation: You are surrounded by a mild repulsion
                  | field. (EV +2) [potion of mutation]
   658 | D:2      | Gained mutation: Your muscles are strong. (Str +2) [potion
                  | of mutation]
  1027 | D:3      | Found a radiant altar of Vehumet.
  1077 | D:3      | Reached XP level 5. HP: 33/33 MP: 4/4
  1155 | D:3      | Reached skill level 1 in Dodging
  1239 | D:3      | Found a runed translucent door.
  1240 | D:3      | Noticed Crazy Yiuf
  1250 | D:3      | Killed Crazy Yiuf
  1487 | D:3      | Noticed Ijyb
  1511 | D:3      | Killed Ijyb
  1511 | D:3      | Reached XP level 6. HP: 33/38 MP: 5/5
  1941 | D:4      | Noticed Duvessa
  1941 | D:4      | Noticed Dowan
  1958 | D:4      | Killed from afar by Dowan

Skill      XL: |  1  2  3  4  5  6 |
---------------+-------------------+-----
Shields        | 4 |  4.9
Maces & Flails | 3 4 |  4.1
Fighting       | 4 |  4.1
Dodging        | 1 |  1.4
Armour         | 4 |  4.0

Action                   |  1- 3 |  4- 6 || total
-------------------------+-------+-------++-------
Melee: Flail             |   119 |   179 ||   298
  Use: Scroll            |       |     6 ||     6
       Potion            |       |     9 ||     9
  Eat: Chunk             |       |     3 ||     3
Armor: Scale mail        |    88 |    94 ||   182
       Skin              |       |    16 ||    16
Dodge: Dodged            |    55 |    79 ||   134
Block: Shield            |    89 |   137 ||   226
